 Dungeon Crawl Stone Soup version 0.17.1-3-g152610e (webtiles) character file.

2230 Jerry the Cleaver (level 9, -4/79 HPs)
             Began as a Deep Dwarf Berserker on Mar 7, 2016.
             Was an Elder of Trog.
             Slain by an orc knight
             ... wielding a +0 halberd
              (7 damage)
             ... in a bailey.
             The game lasted 00:52:37 (5724 turns).

Jerry the Cleaver (Deep Dwarf Berserker)            Turns: 5724, Time: 00:52:37

Health: -4/79      AC: 17    Str: 23    XL:     9   Next: 14%
Magic:  8/8        EV:  9    Int:  9    God:    Trog [****..]
Gold:   379        SH:  0    Dex: 12    Spells: 0 memorised, 8 levels left

rFire  . . .     SeeInvis .     i - +0 war axe (vamp)
rCold  + . .     Clarity  .     p - +2 chain mail {rC+}
rNeg   . . .     SustAt   .     (no shield)
rPois  .         Gourm    .     f - +0 helmet
rElec  .         Spirit   .     w - +0 cloak
rCorr  .         Warding  .     (no gloves)
rMut   .         Stasis   .     y - +0 pair of boots
MR     +....                    (no amulet)
Stlth  ..........               (no ring)
                                (no ring)

@: exhausted, non-regenerating, slowed, very slow, somewhat resistant to hostile
enchantments, extremely unstealthy
A: damage resistance, recharge devices, sense surroundings 2, slow regeneration
3
a: Device Recharging, Berserk, Trog's Hand, Brothers in Arms, Burn Spellbooks,
Renounce Religion


You were in a bailey.
You worshipped Trog.
Trog was greatly pleased with you.
You were near starving.

You visited 2 branches of the dungeon, and saw 9 of its levels.
You also visited: Bailey.

You collected 379 gold pieces.

Inventory:

Hand Weapons
 i - a +0 vampiric war axe (weapon)
 C - a +5 war axe of electrocution
 F - the +4 spear of Darkness {drain, *Confuse +Fly MR+ MP+9, unknown}
   (You found it on level 8 of the Dungeon)

   A truly terrible weapon, it drains the life of those it strikes.
   It affects your resistance to hostile enchantments.
   It affects your magic capacity (+9).
   It lets you fly.
   It may confuse you when you take damage.
Missiles
 B - 2 tomahawks (quivered)
Armour
 a - the +1 leather armour "Jitaosch" {rF+ MP+9}
   (You found it on level 7 of the Dungeon)

   It protects you from fire.
   It affects your magic capacity (+9).
 f - a +0 helmet (worn)
 p - a +2 chain mail of cold resistance (worn)
 w - a +0 cloak (worn)
 y - a +0 pair of boots (worn)
Jewellery
 v - a cursed -2 ring of slaying {unknown}
Wands
 c - a wand of heal wounds (4)
 h - a wand of slowing (21)
Scrolls
 b - 2 scrolls of identify
 g - 2 scrolls of teleportation
 j - 2 scrolls of remove curse
 k - 2 scrolls of blinking
 l - 2 scrolls of magic mapping
 r - a scroll of fear
 s - a scroll of noise {unknown}
Potions
 e - 2 potions of curing
 m - 2 potions of agility {unknown}
 q - a potion of ambrosia {unknown}
 t - 3 potions of flight {unknown}
 u - 3 potions of lignification {unknown}
 x - a potion of resistance {unknown}
 z - a potion of might {unknown}
 A - 2 potions of heal wounds {unknown}
Books
 E - a book of Cantrips

   Spells                             Type                      Level
   a - Corona                         Hexes                        1
   b - Animate Skeleton               Necromancy                   1
   c - Summon Small Mammal            Summoning                    1
   d - Apportation                    Translocation                1
   Trog disapproves of the use of such an item.
Comestibles
 d - 9 bread rations
 o - a royal jelly
 D - a slice of pizza


   Skills:
 + Level 4.5 Fighting
 + Level 9.4 Axes
 + Level 9.0 Armour
 - Level 3.1 Dodging


You had 8 spell levels left.
You didn't know any spells.

Dungeon Overview and Level Annotations

Branches:
Dungeon (8/15)             Temple (1/1) D:5
   Lair: D:8-11

Altars:
Ashenzari
Cheibriados
Dithmenos
Fedhas
Kikubaaqudgha
Makhleb
Okawaru
Qazlal
Ru
Trog
Vehumet
Yredelemnul
The Shining One


Innate Abilities, Weirdness & Mutations

You are resistant to damage.
You can recharge devices by infusing magical energy.
You passively map the area around you.
You do not regenerate naturally.


Message History

You barely miss the orc.
The orc knight hits you from afar with a halberd.
You slice the orc!!
You feel the power of Trog in you as your rage grows.
You kill the orc!
Trog accepts your kill.
Your skin stops crawling.
You feel less resistant to hostile enchantments.
The orc knight roars a battlecry!
You feel a strong urge to attack something.
You are no longer berserk.
You are exhausted.
You feel yourself slow down.
You are near starving!
You hit the orc knight.
The orc knight is lightly wounded.
The orc knight hits you with a halberd!
* * * LOW HITPOINT WARNING * * *
The orc knight hits you with a halberd!
You die...

### ### #*
##∩###########.## ..
#.∩.##.....##..?#
≈..#..(#..≈≈≈..#..)#
≈≈.......≈≈o≈≈.#..(#
o≈.......≈ooo≈.(.).#
≈≈.......≈≈o≈≈(#o..#
≈..#...#..≈≈≈..#@..#
..##...##....(##..!#
##*##∩###########.##
##* ###


You could see an orc knight.

Vanquished Creatures
  A water moccasin (D:8)
  Duvessa (D:7)
  2 sky beasts
  An ice beast (D:6)
  An orc warrior (Bailey)
  3 phantoms
  A centaur (D:7)
  3 ogres
  A big kobold (D:4)
  Blork the orc (D:6)
  2 giant frogs (D:7)
  Dowan (D:7)
  3 scorpions
  4 crimson imps
  A hound (D:7)
  2 jellies (D:5)
  A giant frog skeleton (D:5)
  An iguana (D:7)
  5 worker ants
  A hound skeleton (D:4)
  A hound zombie (D:5)
  5 adders
  An adder zombie (D:5)
  An ooze (D:7)
  3 worms
  4 giant geckos
  19 orcs
  5 ball pythons
  8 bats
  3 giant cockroaches
  10 goblins
  5 hobgoblins
  23 jackals
  28 kobolds
  5 quokkas
  A giant gecko skeleton (D:5)
  6 giant newts
  2 jackal skeletons
  4 quokka skeletons
  7 rats
  5 plants (D:4)
182 creatures vanquished.

Vanquished Creatures (others)
  A hound skeleton (D:4)
  7 plants (D:4)
8 creatures vanquished.

Grand Total: 190 creatures vanquished

Notes
Turn   | Place    | Note
--------------------------------------------------------------
     0 | D:1      | Jerry the Deep Dwarf Berserker began the quest for the Orb.
     0 | D:1      | Reached XP level 1. HP: 20/20 MP: 1/1
   286 | D:1      | Reached XP level 2. HP: 24/27 MP: 2/2
   524 | D:1      | Reached ** piety under Trog
   823 | D:2      | Reached XP level 3. HP: 15/33 MP: 3/3
   875 | D:2      | Found a sacrificial altar of Ru.
   984 | D:2      | Reached skill level 4 in Axes
  1324 | D:3      | Reached XP level 4. HP: 40/40 MP: 4/4
  1347 | D:3      | Reached *** piety under Trog
  1691 | D:3      | Reached XP level 5. HP: 28/46 MP: 5/5
  2014 | D:4      | Noticed a phantom
  2101 | D:4      | Killed a phantom
  2101 | D:4      | Reached skill level 5 in Axes
  2183 | D:4      | Reached XP level 6. HP: 47/55 MP: 3/6
  2239 | D:4      | Reached skill level 5 in Armour
  2520 | D:4      | Reached **** piety under Trog
  2522 | D:4      | Reached skill level 6 in Axes
  3123 | D:5      | Entered Level 5 of the Dungeon
  3135 | D:5      | Reached XP level 7. HP: 46/61 MP: 7/7
  3311 | D:5      | Reached skill level 7 in Axes
  3380 | D:5      | Found a staircase to the Ecumenical Temple.
  3396 | Temple   | Entered the Ecumenical Temple
  4195 | D:6      | Reached XP level 8. HP: 42/68 MP: 8/8
  4299 | D:6      | Noticed Blork the orc
  4303 | D:6      | Killed Blork the orc
  4303 | D:6      | Reached skill level 8 in Axes
  4912 | D:7      | Noticed Duvessa
  4912 | D:7      | Noticed Dowan
  4937 | D:7      | Killed Duvessa
  4946 | D:7      | Killed Dowan
  5059 | D:7      | Got a translucent leather armour
  5070 | D:7      | Identified the +1 leather armour "Jitaosch" {rF+ MP+9} (You found it on level 7 of the Dungeon)
  5226 | D:7      | Reached skill level 9 in Axes
  5553 | D:8      | Gained mutation: You passively map the area around you. [Deep Dwarf growth]
  5553 | D:8      | Reached XP level 9. HP: 65/78 MP: 9/9
  5666 | D:8      | Found a flagged portal.
  5685 | D:8      | Got a pitted spear
  5689 | Bailey   | Entered a bailey
  5689 | Bailey   | Noticed an orc knight
  5691 | Bailey   | Noticed an orc knight
  5705 | Bailey   | Noticed an orc knight
  5724 | Bailey   | HP: 3/79 [orc knight/halberd (6)]
  5724 | Bailey   | Slain by an orc knight

Action                   |  1- 3 |  4- 6 |  7- 9 || total
-------------------------+-------+-------+-------++-------
Melee: Hand axe          |   160 |   144 |       ||   304
       War axe           |       |    86 |   239 ||   325
Invok: Berserk           |     1 |     5 |     4 ||    10
       Trog's Hand       |       |       |     1 ||     1
 Abil: Device Recharging |       |       |     1 ||     1
Evoke: Wand              |     2 |     2 |     2 ||     6
  Use: Scroll            |       |    11 |     2 ||    13
 Stab: Sleeping          |     1 |       |       ||     1
  Eat: Chunk             |     3 |    10 |     9 ||    22
       Meat ration       |       |       |     1 ||     1
       Pizza             |       |       |     1 ||     1
       Fruit             |       |       |     1 ||     1
